 Dungeon Crawl Stone Soup version 0.20.1-2-g1830e616b0 (webtiles) character file.

252 Alfie the Shooter (level 5, -25/46 HPs)
             Began as a Minotaur Hunter on Feb 13, 2020.
             Annihilated by an ogre
             ... wielding a cursed -1 giant spiked club
              (29 damage)
             ... on level 4 of the Dungeon.
             The game lasted 00:08:08 (2365 turns).

Alfie the Shooter (Minotaur Hunter)                 Turns: 2365, Time: 00:08:09

Health: -25/46     AC:  5    Str: 17    XL:     5   Next: 89%
Magic:  4/4        EV: 12    Int:  8    God:
Gold:   202        SH:  0    Dex: 11    Spells: 4/4 levels left

rFire    . . .     SeeInvis .   b - +0 short sword
rCold    . . .     Gourm    .   (no shield)
rNeg     . . .     Faith    .   c - +2 leather armour
rPois    .         Spirit   .   (helmet restricted)
rElec    .         Reflect  .   (no cloak)
rCorr    .         Harm     .   (no gloves)
MR       .....                  (no boots)
Stlth    +.........             (no amulet)
Regen    0.2/turn               (no ring)
MPRegen  0.1/turn               (no ring)

@: no status effects
A: retaliatory headbutt, horns 2
a: no special abilities


You were on level 4 of the Dungeon.
You were not hungry.

You visited 1 branch of the dungeon, and saw 4 of its levels.

You collected 202 gold pieces.

Inventory:

Hand Weapons
 a - a +1 shortbow
 b - a +0 short sword (weapon)
Missiles
 d - 11 arrows
Armour
 c - a +2 leather armour (worn)
Wands
 k - a wand of lightning (11/15)
 r - a wand of confusion (40/48)
Scrolls
 h - 3 scrolls of recharging
 l - 2 scrolls of blinking
Potions
 g - a potion of curing {unknown}
 i - a potion of degeneration {unknown}
 m - a potion of lignification {unknown}
 n - a potion of mutation {unknown}
Comestibles
 f - a bread ration
 j - a meat ration


   Skills:
 + Level 3.7 Fighting
 + Level 1.6 Short Blades
 + Level 6.3 Bows
 + Level 2.3 Armour
 + Level 2.7 Dodging
 + Level 1.2 Stealth


You had 4 spell levels left.
You didn't know any spells.

Dungeon Overview and Level Annotations

Branches:
Dungeon (4/15)             Temple (0/1) D:4

Altars:
Cheibriados
Elyvilon
Nemelex Xobeh
Okawaru


Innate Abilities, Weirdness & Mutations

You reflexively headbutt those who attack you in melee.
You have a pair of horns on your head.


Message History

The hound skeleton is almost destroyed.
The hound skeleton bites you but does no damage.
The hound skeleton closely misses you. You furiously retaliate!
You headbutt the hound skeleton.
You destroy the hound skeleton!
An ogre comes into view. It is wielding a giant spiked club.
The ogre shouts!
The ogre hits you with a giant spiked club!
You hit the ogre.
The ogre is moderately wounded.
The ogre hits you with a giant spiked club!!
* * * LOW HITPOINT WARNING * * *
You hit the ogre.
You headbutt the ogre, but do no damage.
The ogre is heavily wounded.
You hit the ogre. You headbutt the ogre.
The ogre is severely wounded.
The ogre hits you with a giant spiked club!!
Ouch! That really hurt!
You die...

..###.#### ...#.#.. .......
.#.#. ##...## #.....#
#...##.##.# #. #.@O......
#.## #.###.###... #... #.#
#.. #..# # ##'## ... #..# .#
##...## #.# #..###.#
##.....## #.### #......#
##.......####.#.##
##.#...####[...............##
..........+.................#


You could see an ogre.

Vanquished Creatures
  2 hounds (D:4)
  2 worker ants (D:4)
  A hound skeleton (D:4)
  A worker ant zombie (D:3)
  3 gnolls (D:2)
  An adder (D:2)
  2 dart slugs (D:1)
  3 leopard geckos (D:4)
  4 orcs (D:3)
  A ball python (D:2)
  2 giant cockroaches
  5 goblins
  3 hobgoblins
  14 jackals
  A quokka (D:2)
  7 bats
  6 frilled lizards
  9 kobolds
  7 rats
74 creatures vanquished.

Notes
Turn   | Place    | Note
-------+----------+-------------------------------------------
     0 | D:1      | Alfie the Minotaur Hunter began the quest for the Orb.
     0 | D:1      | Reached XP level 1. HP: 18/18 MP: 0/0
    81 | D:1      | Reached XP level 2. HP: 25/25 MP: 1/1
   215 | D:1      | Reached skill level 5 in Bows
   923 | D:2      | Reached XP level 3. HP: 17/30 MP: 2/2
  1073 | D:2      | Reached XP level 4. HP: 24/38 MP: 3/3
  1333 | D:3      | Found an iron altar of Okawaru.
  1387 | D:3      | Found a sparkling altar of Nemelex Xobeh.
  1421 | D:3      | Reached skill level 6 in Bows
  1536 | D:3      | Found a snail-covered altar of Cheibriados.
  1721 | D:3      | Reached skill level 1 in Armour
  2032 | D:4      | Reached skill level 1 in Stealth
  2032 | D:4      | Reached XP level 5. HP: 27/45 MP: 4/4
  2167 | D:4      | Reached skill level 1 in Short Blades
  2222 | D:4      | Found a white marble altar of Elyvilon.
  2285 | D:4      | Found a staircase to the Ecumenical Temple.
  2360 | D:4      | Noticed an ogre
  2365 | D:4      | Annihilated by an ogre

Skill      XL: |  1  2  3  4  5 |
---------------+----------------+-----
Bows           | 5 6 |  6.3
Fighting       | 3 |  3.7
Armour         | 1 2 |  2.3
Stealth        | 1 |  1.2
Short Blades   | 1 |  1.6
Dodging        | |  2.7

Action                   |  1- 3 |  4- 6 || total
-------------------------+-------+-------++-------
Melee: Short sword       |    12 |   119 ||   131
       Headbutt          |     2 |    28 ||    30
 Fire: Shortbow          |    90 |       ||    90
  Use: Scroll            |     5 |     5 ||    10
 Stab: Sleeping          |       |     2 ||     2
  Eat: Bread ration      |       |     1 ||     1
       Royal jelly       |       |     1 ||     1
Armor: Leather armour    |     9 |    31 ||    40
Dodge: Dodged            |    28 |    74 ||   102
